 Seeded DCSS version 0.28-a0-1594-ga885d4b3d6 (webtiles) character file.

Game seed: 11 (custom seed)

3923 knot the Cleaver (level 10, 0/70 HPs)
             Began as a Demonspawn Berserker on Jan 21, 2022.
             Was a Priest of Trog.
             Shot with an arrow by a centaur (9 damage)
             ... on level 8 of the Dungeon.
             The game lasted 00:13:23 (12570 turns).

knot the Cleaver (Demonspawn Berserker)            Turns: 12570, Time: 00:13:23

Health: 0/70       AC: 17    Str: 18    XL:     10   Next: 1%
Magic:  10/10      EV:  3    Int: 12    God:    Trog [***...]
Gold:   489        SH:  0    Dex: 13    Spells: 9/9 levels left

rFire   + . .      SeeInvis .   B - +3 spear (venom)
rCold   + . .      Faith    .   (no shield)
rNeg    . . .      Spirit   .   H - +0 crystal plate armour
rPois   +          Reflect  .   (no helmet)
rElec   .          Harm     .   z - scarf {rC+ rF+}
rCorr   .          Rampage  .   G - +0 pair of gloves
Will    ++...                   I - +0 pair of boots "Riemin" {+Inv rPois}
Stlth   ..........              w - amulet of magic regeneration
HPRegen 1.21/turn               (no ring)
MPRegen 0.64/turn               (no ring)

@: strong-willed, regenerating
A: powered by death 2, magic regeneration, sturdy frame 1, weakness stinger 1
a: Renounce Religion, Evoke Invisibility, Berserk, Trog's Hand


You were on level 8 of the Dungeon.
You worshipped Trog.
Trog was most pleased with you.
You visited 2 branches of the dungeon, and saw 9 of its levels.
You also visited: Sewer.

You collected 489 gold pieces.

Inventory:

Hand Weapons
 a - a +0 hand axe
 B - a +3 spear of venom (weapon)
Missiles
 d - 151 stones
 i - 2 boomerangs (quivered)
 q - 2 atropa-tipped darts
 C - 91 sling bullets
Armour
 x - a +0 pair of boots
 y - a +0 helmet
 z - a scarf of resistance (worn)
 G - a +0 pair of gloves (worn)
 H - a +0 crystal plate armour (worn)
 I - the +0 pair of boots "Riemin" (worn) {+Inv rPois}
   (You found it on level 7 of the Dungeon)

   rPois:     It protects you from poison.
   +Inv:      It lets you turn invisible.
Jewellery
 w - an amulet of magic regeneration (around neck)
Wands
 b - a wand of charming (4)
 J - a wand of flame (22)
Scrolls
 f - a scroll of vulnerability {unknown}
 h - a scroll of enchant weapon
 l - 4 scrolls of teleportation
 m - a scroll of fog
 p - a scroll of summoning
 u - 2 scrolls of fear
 E - a scroll of immolation
 F - a scroll of blinking
 K - a scroll of identify
Potions
 c - 6 potions of brilliance
 e - 4 potions of mutation
 g - a potion of attraction
 j - 2 potions of lignification
 k - 3 potions of curing
 n - 2 potions of magic
 o - 4 potions of degeneration {unknown}
 r - 3 potions of cancellation {unknown}
 s - 2 potions of berserk rage {unknown}
 t - 3 potions of flight {unknown}
 v - 2 potions of invisibility {unknown}
 A - 2 potions of might {unknown}
 D - 2 potions of haste {unknown}


   Skills:
 - Level 3.0 Fighting
 * Level 10.5 Axes
 * Level 8.0 Throwing
 - Level 1.7 Armour
 - Level 1.7 Dodging
 * Level 2.9 Evocations


You had 9 spell levels left.
You didn't know any spells.
Your spell library contained the following spells:

 Spells                   Type           Power      Damage    Failure   Level
 Blink                    Tloc           0%         N/A       100%        2
 Frozen Ramparts          Ice            0%         1d2       100%        3
 Cause Fear               Hex            0%         N/A       100%        4
 Ice Form                 Ice/Tmut       0%         N/A       100%        4
 Summon Ice Beast         Ice/Summ       0%         N/A       100%        4
 Manifold Assault         Tloc           0%         N/A       100%        5
 Dragon Form              Tmut           0%         N/A       100%        7
 Storm Form               Tmut/Air       0%         N/A       100%        7
 Dragon's Call            Summ           0%         N/A       100%        9


Dungeon Overview and Level Annotations

Branches:
Dungeon (8/15)             Temple (1/1) D:7           Sewer (visited)
   Lair: D:8-11

Altars:
Ashenzari
Cheibriados
Dithmenos
Elyvilon
Fedhas
Gozag
Hepliaklqana
Kikubaaqudgha
Makhleb
Nemelex Xobeh
Okawaru
Qazlal
Ru
Sif Muna
Trog
Vehumet
Wu Jian
Xom
Yredelemnul
Zin
The Shining One


Innate Abilities, Weirdness & Mutations

You regenerate health from kills.
You regenerate magic rapidly.
Your movements are slightly less encumbered by armour. (ER -2)
You have a small tail.


Message History

A puff of flame appears from out of thin air!
The puff of flame hits you. You resist.
The centaur wields a +0 shortbow.
The centaur shoots an arrow.
The arrow hits you!
* * * LOW HITPOINT WARNING * * *
The centaur shoots an arrow.
The arrow barely misses you.
The centaur shoots an arrow.
The arrow hits you.
* * * LOW HITPOINT WARNING * * *
The centaur shoots an arrow.
The arrow hits you but does no damage.
The centaur shoots an arrow.
The arrow hits you.
* * * LOW HITPOINT WARNING * * *
Okay, then.
As you read the scroll of fog, it crumbles to dust.
The scroll dissolves into smoke.
The centaur shoots an arrow.
The arrow hits you but does no damage.
You barely miss the centaur.
The centaur unwields a +0 shortbow.
The centaur hits you but does no damage.
The centaur kicks you but does no damage.
You hit the centaur but do no damage.
The centaur is poisoned.
You tail-slap the centaur, but do no damage.
Your punch misses the centaur. The centaur hits you.
* * * LOW HITPOINT WARNING * * *
The centaur kicks you but does no damage.
You completely miss the centaur.
The centaur hits you but does no damage.
The centaur kicks you but does no damage.
The centaur wields a +0 shortbow.
The centaur shoots an arrow.
The arrow hits you but does no damage.
Your skin crawls.
You feel strong-willed.
The centaur unwields a +0 shortbow.
The centaur hits you but does no damage.
The centaur kicks you but does no damage.
The yak gores you!
* * * LOW HITPOINT WARNING * * *
You kill the yak!
Trog accepts your kill.
The centaur wields a +0 shortbow.
The centaur shoots an arrow.
The arrow hits you!
You die...

#§§§Y...............
#§§§§.Y..........†..
#§§##............#
#§§##.c{..####..##
#§{####..###.o...#
#§Y#####..o......#
#c†##.##.)......##
#...#.###).....##
#..@#..##......#
#...#...##.....#
#.......###..###
#........###.#
#...#....#####
##..#.....#
#..##....#
#..##.).## #...#...#


You could see a yak and a centaur (poisoned).

Vanquished Creatures
  A hornet (D:7)
  2 yaks (D:8)
  Eustachio (D:4)
  A fire elemental (D:7)
  2 fire bats (D:7)
  Menkaure (D:7)
  2 ice beasts (D:7)
  2 sky beasts (D:6)
  A black bear (D:6)
  4 ogres (D:5)
  3 centaurs
  2 necrophages
  2 phantoms
  A wyvern zombie (D:5)
  2 scorpions
  2 wyvern skeletons (D:6)
  11 killer bees
  3 jellies
  An orc priest (D:8)
  2 gnoll shamans
  3 hounds
  2 bullfrog skeletons
  2 iguanas
  3 orc wizards (D:8)
  A killer bee zombie (D:7)
  10 gnolls
  2 howler monkey skeletons (D:6)
  5 adders
  7 river rats
  A worm (D:2)
  A dart slug (D:3)
  7 orcs
  6 endoplasms
  4 giant cockroaches
  4 goblins
  3 hobgoblins
  4 jackals
  2 quokkas
  11 ball pythons
  8 bats
  5 frilled lizards
  7 kobolds
  16 rats
160 creatures vanquished.

Vanquished Creatures (collateral kills)
  A gnoll (D:6)
  A white imp (D:6)
2 creatures vanquished.

Vanquished Creatures (others)
  A gnoll sergeant (D:6)
1 creature vanquished.

Grand Total: 163 creatures vanquished

Notes
Turn   | Place    | Note
-------+----------+-------------------------------------------
     0 | D:1      | knot the Demonspawn Berserker began the quest for the Orb.
     0 | D:1      | Reached XP level 1. HP: 18/18 MP: 1/1
    50 | D:1      | Reached skill level 3 in Axes
    66 | D:1      | Gained mutation: You regenerate a little health from kills.
                  | [demonic ancestry]
    66 | D:1      | Reached XP level 2. HP: 8/24 MP: 2/2
   671 | D:1      | Found a faded altar of an unknown god.
   816 | D:2      | Gained mutation: Your movements are slightly less
                  | encumbered by armour. (ER -2) [demonic ancestry]
   816 | D:2      | Reached XP level 3. HP: 10/29 MP: 3/3
  1319 | D:2      | Reached skill level 4 in Axes
  1615 | D:2      | Reached ** piety under Trog
  2400 | D:3      | Reached XP level 4. HP: 32/35 MP: 4/4
  2453 | D:3      | Found a glowing drain.
  2513 | Sewer    | Entered a sewer
  3025 | Sewer    | Reached skill level 5 in Axes
  3270 | Sewer    | Reached XP level 5. HP: 24/41 MP: 5/5
  4478 | D:3      | Found a shadowy altar of Dithmenos.
  4481 | D:3      | Found a bloodstained altar of Trog.
  4482 | D:3      | Found a basalt altar of Yredelemnul.
  4482 | D:3      | Found a radiant altar of Vehumet.
  4482 | D:3      | Found a burning altar of Makhleb.
  4484 | D:3      | Found a broken altar of Ashenzari.
  4485 | D:3      | Found a snail-covered altar of Cheibriados.
  4487 | D:3      | Found a sacrificial altar of Ru.
  4837 | D:4      | Reached skill level 6 in Axes
  4960 | D:4      | Gained mutation: You have a small tail. [demonic ancestry]
  4960 | D:4      | Reached XP level 6. HP: 36/47 MP: 6/6
  5557 | D:4      | Noticed Eustachio
  5592 | D:4      | Killed Eustachio
  5593 | D:4      | Reached skill level 1 in Throwing
  5773 | D:4      | Reached skill level 7 in Axes
  5773 | D:4      | Gained mutation: You regenerate health from kills. [demonic
                  | ancestry]
  5773 | D:4      | Reached XP level 7. HP: 46/52 MP: 7/7
  6434 | D:5      | Entered Level 5 of the Dungeon
  7257 | D:5      | Reached XP level 8. HP: 54/58 MP: 8/8
  7418 | D:5      | Reached skill level 8 in Axes
  8751 | D:6      | Reached skill level 5 in Throwing
  9141 | D:6      | Reached skill level 9 in Axes
  9804 | D:6      | Gained mutation: You regenerate magic rapidly. [demonic
                  | ancestry]
  9804 | D:6      | Reached XP level 9. HP: 62/63 MP: 9/9
 10317 | D:7      | Found a staircase to the Ecumenical Temple.
 10326 | Temple   | Entered the Ecumenical Temple
 10890 | D:7      | Found a transporter.
 10902 | D:7      | Found a transporter.
 10921 | D:7      | HP: 2/94 [fire elemental (4)]
 10925 | D:7      | Reached skill level 10 in Axes
 11222 | D:7      | Identified the +0 pair of boots "Riemin" {+Inv rPois}
 11331 | D:7      | Reached skill level 1 in Evocations
 11346 | D:7      | Noticed Menkaure
 11352 | D:7      | Killed Menkaure
 12343 | D:8      | Found a hazy altar of Hepliaklqana.
 12343 | D:8      | Found an ancient bone altar of Kikubaaqudgha.
 12375 | D:8      | Reached *** piety under Trog
 12540 | D:8      | Reached XP level 10. HP: 44/70 MP: 10/10
 12570 | D:8      | Shot with an arrow by a centaur

Illustrated notes

Levels and vault maps discovered:
D:1:      minmay_arrival_nine_rooms, layout_rooms, basic_ecumenical_altar
D:2:      layout_basic
D:3:      layout_loops_ring, minitemple, portal_sewer_entry_b,
          lemuel_old_faithful
D:4:      layout_basic, uniq_eustachio
D:5:      layout_layer_cave, minivault_24
D:6:      minmay_chambers_of_threes, layout_basic
D:7:      gammafunk_cloud_chamber, layout_loops_cross, lemuel_temple_firewalk_b,
          uniq_menkaure
D:8:      minmay_flawed_box, layout_basic, lemuel_coloured_pillars_altar,
          grunt_temple_overflow_open, serial_aquarium,
          aquarium_bridge_island_small [aquarium_subvault_small_water,
          aquarium_subvault_balcony, aquarium_subvault_balcony,
          aquarium_subvault_bridge, aquarium_subvault_wall],
          aquarium_window_fake, aquarium_window_fake, aquarium_window_fake,
          aquarium_view_2c, aquarium_view_2g, aquarium_pool_double
Temple:   zaba_magenta_temple

Skill      XL: |  1  2  3  4  5  6  7  8  9 |
---------------+----------------------------+-----
Axes           | 3 4 5 6 7 9 10 | 10.5
Throwing       | 1 3 6 8 |  8.0
Evocations     | 2 |  2.9
Fighting       | |  3.0
Armour         | |  1.7
Dodging        | |  1.7

Action                   |  1- 3 |  4- 6 |  7- 9 | 10-12 || total
-------------------------+-------+-------+-------+-------++-------
Melee: Hand axe          |   117 |   165 |   115 |       ||   397
       Punch             |     3 |     3 |     1 |       ||     7
       Tailslap          |       |     4 |    48 |     2 ||    54
       Spear             |       |       |   210 |     7 ||   217
Throw: Boomerang         |       |     5 |    50 |       ||    55
Invok: Berserk           |     3 |     9 |     8 |       ||    20
       Trog's Hand       |       |       |     1 |     1 ||     2
Evoke: Wand              |       |       |     2 |       ||     2
  Use: Potion            |       |     1 |     1 |       ||     2
       Scroll            |       |       |    12 |     1 ||    13
 Stab: Sleeping          |       |     2 |       |       ||     2
Armor: Animal skin       |    17 |    20 |       |       ||    37
       Skin              |       |    16 |       |       ||    16
       Ring mail         |       |       |    49 |       ||    49
       Crystal plate arm |       |       |    88 |    13 ||   101
Dodge: Dodged            |    87 |    83 |   122 |     2 ||   294

Table legend: (Time is in decaauts)
 A = Elapsed time spent in this place.
 B = Non-inter-level travel time spent in this place.
 C = Inter-level travel time spent in this place.
 D = Time resting spent in this place.
 E = Time spent auto-exploring this place.
 F = Levels seen in this place.
 G = Mean time per level.
                   A        B        C        D        E       F      G
               +--------+--------+--------+--------+--------+-----+--------+
         Total |  12798 |  12492 |    306 |   4901 |   6114 |  10 | 1279.8 |
       Dungeon |  10959 |  10672 |    287 |   3631 |   5782 |   8 | 1369.9 |
        Temple |     73 |     54 |     19 |      0 |     50 |   1 |   73.0 |
         Sewer |   1765 |   1765 |      0 |   1269 |    281 |   1 | 1765.0 |
               +--------+--------+--------+--------+--------+-----+--------+

Top non-repeatable levels by time:
     D:5: 2030 daAuts
     D:7: 1943 daAuts
     D:6: 1861 daAuts
   Sewer: 1765 daAuts
     D:4: 1733 daAuts
     D:2: 1485 daAuts
     D:3: 830 daAuts
     D:1: 813 daAuts
     D:8: 259 daAuts
  Temple: 73 daAuts
